AoeStats
← Youtellme

Black Forest

508185643Analyzed
2v2 RM · 12d ago on Sep 21, 2026· 11m 9s· 4 players
Game mode
Random Map
Map size
Medium (4 player)
Population
200
Speed
Normal
Resources
Standard
Victory
Conquest
Starting age
Dark Age
Ending age
Imperial Age
RankedLock teamsTeams togetherTeam positionsShared explorationLock speedFull tech treeHidden civsTurbo modeCheats
Victory
Defeat
🇧🇦 Italians · Bosnia & Herzegovina
894
+14
🇨🇳 Spanish · China
882
+15
🇦🇺 Khmer · Australia
870
-15
🇦🇺 Goths · Australia
847
-14
Fart-Lick
0:33 Loom
11:26 Feudal Age
Youtellme
0:57 Loom
1:03 Loom
Saeed
0:44 Loom
11:03 Feudal Age
Koksal Jr.
1:21 Loom
10:36 Feudal Age
11:08 Double-Bit Axe
Connection lost

Rejoining the realm…

Still unreachable

The connection could not be restored.

Session expired

The server has moved on; the page needs a fresh start.